Map: Misty Swamp

Players

Firestone

  • Race: Terran Terran
  • League: Silver
  • Spawn Location: 12:00

Torafugu

  • Race: Protoss Protoss
  • Spawn Location: 3:00

Vynax

  • Race: Zerg Zerg
  • Spawn Location: 3:00

Insanity - Winner!

  • Race: Terran Terran
  • Spawn Location: 12:00

ALEX - Winner!

  • Race: Zerg Zerg
  • Spawn Location: 9:00

Metasapien - Winner!

  • Race: Zerg Zerg
  • League: Gold
  • Spawn Location: 9:00

VOD

Have the link to the VOD?

Description

Time

  • Played on: Sept. 4, 2017, 5:45 a.m.
  • Length: 17:11
Show
View Real Time Build Order
Export as new Build Order

Firestone Terran 

Build Orders:  

Get SALT Encoding   

  12  0:01  SCV  
  13  0:13  SCV  
  14  0:25  SCV  
  14  0:26  Supply Depot  
  15  0:35  Refinery  
  15  0:48  SCV  
  16  0:53  Barracks  
  16  1:00  SCV  
  17  1:05  Refinery  
  17  1:12  SCV  
  18  1:23  Barracks  
  18  1:35  SCV  
  19  1:43  Marine  
  20  1:50  Factory  
  21  1:55  Orbital Command  
  20  2:05  Marine  
  21  2:11  Supply Depot  
  21  2:18  Barracks Tech Lab  
  21  2:22  SCV  
  22  2:27  Barracks Tech Lab  
  22  2:34  SCV  
  22  2:36  Hellion  
  25  2:43  Marauder  
  27  2:46  SCV  
  27  2:49  Supply Depot  
  28  2:54  Marauder  
  30  3:00  Concussive Shells  
  30  3:06  SCV  
  30  3:11  Hellion  
  33  3:14  Marauder  
  35  3:23  Marauder  
  37  3:32  Hellion  
  37  3:33  Supply Depot  
  39  3:55  Marauder x2  
  43  4:03  Hellion  
  45  4:16  Marauder  
  47  4:20  Command Center  
  32  4:51  Marine x2, Starport  
  32  4:52  Starport  
  34  4:59  Factory Tech Lab  
  34  5:09  Marine x2  
  34  5:10  Command Center  
  24  5:41  Orbital Command  
  24  5:55  Viking  
  25  6:17  Orbital Command  
  24  6:22  Orbital Command, Starport Tech Lab  
  22  6:36  Marine x2  
  25  6:42  Orbital Command  
  24  6:51  Refinery  
  24  6:56  SCV  
  24  7:00  Orbital Command  
  25  7:08  SCV  
  27  7:09  SCV  
  28  7:20  SCV  
  28  7:24  Starport Tech Lab  
  28  7:30  Raven  
  28  7:36  SCV x2  
  30  7:59  SCV  
  30  8:00  SCV x2  
  33  8:11  SCV  
  33  8:12  SCV x2  
  36  8:19  Refinery  
  36  8:24  SCV x2  
  36  8:25  Refinery  
  36  8:26  Refinery  
  39  8:27  Fusion Core, SCV  
  39  8:36  SCV x2  
  39  8:39  SCV  
  42  8:46  Orbital Command  
  42  8:48  SCV x2  
  44  8:54  Viking  
  46  9:10  Refinery  
  46  9:12  Refinery  
  46  9:22  Marine x2  
  48  9:25  Stimpack  
  48  9:26  Combat Shields  
  48  9:31  Command Center, Barracks  
  48  9:33  SCV x2, Barracks  
  48  9:34  SCV  
  48  9:36  Barracks  
  51  9:38  Barracks  
  51  9:40  Marine x2  
  54  9:45  SCV x2  
  54  9:46  SCV  
  56  9:57  SCV  
  56  9:58  Marine, Battlecruiser, SCV x2  
  66  10:09  SCV  
  66  10:10  SCV x2  
  66  10:14  Marine, Supply Depot  
  69  10:16  Marine  
  70  10:22  SCV x3  
  62  10:32  Marine  
  62  10:33  Marine  
  59  10:39  Battlecruiser  
  65  10:44  SCV  
  65  10:45  SCV x2  
  65  10:46  Marine x3  
  65  10:49  Marine  
  71  10:51  Marine  
  71  10:55  Armory  
  71  10:56  Armory  
  71  10:57  SCV  
  74  11:00  SCV, Engineering Bay  
  74  11:01  Banshee, SCV  
  74  11:04  Marine x3  
  80  11:06  Orbital Command  
  80  11:07  Marine  
  80  11:09  Marine  
  84  11:21  Marine  
  85  11:29  Marine x2  
  85  11:30  Marine x2  
  85  11:32  Terran Infantry Weapons Level 1  
  89  11:39  Marine  
  90  11:44  Battlecruiser  
  90  11:46  Starport  
  96  11:48  Marine  
  96  11:49  Marine x2, Starport  
  96  11:53  Starport  
  99  11:56  Supply Depot  
  99  11:59  Terran Ship Weapons Level 1  
  99  12:01  Supply Depot  
  99  12:03  Terran Vehicle And Ship Armor Level 1  
  99  12:09  SCV  
  99  12:14  Sensor Tower  
  100  12:18  SCV x2, Medivac  
  100  12:21  SCV  
  105  12:24  Marine x4  
  109  12:30  SCV  
  109  12:36  Supply Depot, Starport Tech Lab x3  
  110  12:41  Corvid Reactor  
  110  12:42  Recalibrated Explosives  
  110  12:48  Medivac x2  
  114  12:58  Marine x2, Battlecruiser  
  120  12:59  Marine x2  
  124  13:05  Supply Depot  
  124  13:07  Supply Depot  
  124  13:12  Cloaking Field  
  124  13:19  Sensor Tower  
  124  13:27  Marine x2, Banshee, Medivac  
  124  13:28  Banshee, Battlecruiser  
  140  13:41  Supply Depot  
  140  13:54  Supply Depot  
  140  13:55  Supply Depot  
  140  13:57  Supply Depot  
  140  14:03  Viking, SCV x4  
  140  14:05  Sensor Tower  
  146  14:10  Viking  
  146  14:15  Terran Infantry Weapons Level 2, SCV, Battlecruiser  
  146  14:16  Banshee  
  158  14:24  Marine  
  158  14:25  Marine x4  
  158  14:28  Supply Depot  
  162  14:32  Raven  
  162  14:33  Raven  
  157  14:39  Banshee  
  157  14:40  Supply Depot  
  158  14:50  Marine x3  
  128  15:20  Banshee x2  
  134  15:34  Banshee  
  130  15:36  Battlecruiser  
  130  15:38  Battlecruiser  
  103  16:03  Battlecruiser x2  
  109  16:07  SCV  
  110  16:12  SCV  
  109  16:53  SCV  
Show
View Real Time Build Order
Export as new Build Order

Torafugu Protoss 

Build Orders:  

Get SALT Encoding   

  12  0:02  Probe (Chrono Boost)  
  13  0:12  Probe (Chrono Boost)  
  14  0:19  Pylon  
  14  0:25  Probe (Chrono Boost)  
  15  0:37  Probe (Chrono Boost)  
  15  0:42  Forge  
  16  0:48  Probe (Chrono Boost)  
  17  0:52  Assimilator  
  17  0:58  Probe (Chrono Boost)  
  18  1:09  Probe (Chrono Boost)  
  19  1:12  Pylon  
  19  1:18  Photon Cannon  
  19  1:20  Probe (Chrono Boost)  
  19  1:25  Assimilator  
  20  1:37  Photon Cannon  
  20  1:54  Gateway  
  20  1:56  Probe (Chrono Boost)  
  21  2:20  Pylon  
  21  2:30  Gateway  
  21  2:32  Gateway  
  21  2:37  Pylon  
  21  2:42  Photon Cannon  
  21  2:52  Photon Cannon  
  21  3:04  Cybernetics Core  
  21  3:06  Gateway  
  21  3:09  Probe (Chrono Boost)  
  22  3:21  Photon Cannon  
  22  4:21  Warp Gate (Chrono Boost)  
  22  4:23  Zealot x3  
  22  4:24  Zealot, Photon Cannon  
  30  4:29  Pylon  
  30  4:35  Photon Cannon  
  30  4:49  Twilight Council  
  30  4:52  Robotics Facility  
  30  4:58  Probe  
  31  5:34  Charge  
  31  5:42  Templar Archives  
  31  5:54  Pylon  
  31  6:40  Photon Cannon  
  31  6:42  Photon Cannon  
  31  6:46  Dark Shrine  
  29  6:55  Warp Prism  
  29  6:57  High Templar  
  29  6:58  High Templar x2  
  29  6:59  Psionic Storm  
  37  7:08  Pylon  
  37  7:14  Pylon  
  37  7:16  Pylon  
  37  7:21  Pylon, Probe  
  38  7:34  Probe  
  39  7:42  Zealot x3  
  45  7:45  High Templar  
  45  7:46  Probe  
  47  7:58  Probe  
  48  8:09  Photon Cannon  
  48  8:10  Probe  
  48  8:11  Photon Cannon  
  49  8:45  Dark Templar  
  49  8:46  Dark Templar x2  
  49  8:47  Dark Templar  
  45  9:39  Stalker x3  
  45  9:40  Stalker  
  53  10:49  Zealot  
  55  10:50  Zealot  
  55  10:51  Zealot  
  55  10:52  Zealot  
  61  11:10  Zealot  
  61  11:11  Zealot  
  63  11:13  Zealot  
  63  11:15  Zealot  
  51  11:43  Nexus  
  51  11:45  Pylon  
  51  11:52  Assimilator  
  51  11:55  Assimilator  
  51  11:57  Protoss Shields Level 1  
  51  12:04  Pylon  
  51  12:07  High Templar  
  53  12:11  High Templar  
  53  12:50  High Templar  
  53  12:51  High Templar  
  51  13:55  Zealot  
  29  13:56  Zealot x3  
  25  14:29  High Templar  
  25  14:30  High Templar x2  
  25  14:31  High Templar  
  32  15:02  High Templar  
  32  15:03  High Templar x2  
  32  15:04  High Templar  
  18  15:59  Nexus  
  18  16:21  Assimilator  
  18  16:24  Assimilator  
Show
View Real Time Build Order
Export as new Build Order

Vynax Zerg 

Build Orders: Hatch First, Muta Ling Bane 

Get SALT Encoding   

  12  0:01  Drone  
  13  0:08  Drone  
  14  0:36  Hatchery  
  14  0:40  Drone  
  14  0:55  Spawning Pool  
  13  0:58  Drone  
  14  1:10  Overlord  
  14  1:17  Extractor, Drone  
  14  1:37  Drone x3  
  17  1:44  Queen  
  19  1:52  Queen  
  21  2:02  Zergling x2  
  23  2:08  Zergling x2  
  23  2:14  Zergling x2  
  23  2:15  Zergling x2  
  25  2:20  Metabolic Boost  
  25  2:33  Zergling x6  
  28  2:39  Overlord  
  28  2:59  Lair  
  28  3:00  Extractor  
  28  3:01  Drone x2  
  29  3:10  Drone  
  30  3:15  Evolution Chamber  
  29  3:25  Drone  
  29  3:26  Drone x2  
  31  3:30  Drone x2  
  33  3:37  Drone  
  33  3:40  Drone  
  35  3:49  Overlord  
  35  4:03  Overlord  
  35  4:07  Spire  
  34  4:15  Zergling x2  
  34  4:16  Zergling x6  
  38  4:22  Drone  
  39  4:29  Extractor, Overlord  
  38  4:36  Zergling x6  
  37  4:44  Drone  
  37  4:45  Drone  
  39  4:55  Baneling Nest  
  38  5:10  Drone x3  
  41  5:24  Mutalisk x2  
  41  5:25  Mutalisk x2  
  49  5:34  Zergling x4  
  49  5:35  Zergling x4  
  53  5:50  Mutalisk x3  
  59  6:02  Zergling x2  
  55  6:06  Zergling x2  
  55  6:07  Zergling x6  
  54  6:19  Overlord  
  54  6:30  Overlord  
  52  6:45  Overlord  
  53  6:47  Drone x3  
  55  6:57  Zergling x4  
  55  7:01  Overlord  
  57  7:03  Centrifical Hooks  
  57  7:05  Queen  
  57  7:07  Drone  
  60  7:16  Drone x3  
  48  7:47  Zergling x8  
  48  7:48  Zergling x2  
  53  7:51  Drone x2  
  55  8:00  Drone x2  
  55  8:01  Drone x2  
  59  8:14  Mutalisk x2  
  59  8:32  Drone x6  
  62  8:50  Drone x2  
  62  8:51  Drone  
  65  9:07  Queen  
  67  9:14  Hatchery  
  66  9:33  Overlord x2  
  66  9:35  Zergling x6  
  66  9:36  Zergling x2  
  60  9:46  Zergling x2  
  60  9:47  Zergling x6  
  64  10:08  Zergling x4  
  64  10:09  Zergling x2  
  64  10:13  Infestation Pit  
  64  10:14  Zerg Ground Armor Level 1  
  66  10:20  Extractor  
  65  10:25  Zergling x4  
  65  10:26  Zergling x8  
  71  10:35  Baneling x9  
  71  10:37  Zergling x2  
  71  10:38  Zergling x8  
  71  10:39  Queen  
  75  10:59  Zergling x12  
  75  11:00  Mutalisk x2  
  75  11:02  Overlord  
  85  11:10  Drone x2  
  87  11:12  Drone x2  
  89  11:27  Hatchery  
  72  11:55  Zergling x16  
  79  12:04  Extractor x2  
  79  12:05  Zergling x8  
  79  12:08  Burrow  
  81  12:22  Hive  
  81  12:36  Baneling  
  81  12:37  Baneling x18  
  81  12:38  Baneling x5  
  81  12:39  Zerg Melee Weapons Level 1  
  81  12:47  Drone x3  
  84  12:53  Drone x5  
  89  13:03  Drone x4  
  93  13:11  Queen  
  95  13:16  Zergling x8  
  95  13:17  Zergling x2  
  100  13:23  Overlord  
  89  13:49  Baneling x5  
  76  14:01  Zergling x2  
  76  14:02  Zergling x4  
  70  14:03  Baneling x10  
  70  14:05  Zergling x22  
  75  14:11  Baneling x8  
  75  14:12  Baneling x4  
  74  14:19  Ultralisk Cavern  
  73  14:30  Zergling x14  
  73  14:31  Zergling x2  
  65  14:32  Zergling x2  
  65  14:33  Zergling x4  
Show
View Real Time Build Order
Export as new Build Order

Insanity Terran - Winner!

Build Orders: MMM Bio 

Get SALT Encoding   

  12  0:01  SCV  
  13  0:15  SCV  
  13  0:20  Supply Depot  
  14  0:28  SCV  
  15  0:42  SCV  
  16  0:43  Barracks  
  16  0:52  Refinery  
  16  0:54  SCV  
  17  1:06  SCV  
  18  1:21  SCV  
  19  1:27  Barracks  
  19  1:32  Marine  
  20  1:34  Orbital Command  
  20  1:52  Marine  
  20  1:53  Factory  
  20  1:57  Refinery  
  20  2:00  SCV  
  21  2:07  Supply Depot  
  21  2:10  Marine  
  22  2:16  SCV  
  22  2:22  Barracks Reactor  
  23  2:33  SCV  
  23  2:36  Barracks Tech Lab  
  24  2:47  Starport  
  24  2:52  Factory Reactor  
  24  2:56  SCV  
  25  3:00  Supply Depot  
  25  3:01  Marine x3  
  28  3:15  Stimpack  
  28  3:16  SCV  
  28  3:19  Marine x2  
  31  3:22  Marine  
  32  3:29  SCV  
  33  3:37  Marine  
  33  3:39  Marine  
  33  3:40  Marine  
  33  3:41  SCV, Widow Mine  
  39  4:03  Supply Depot  
  39  4:10  Marine, Medivac, Widow Mine  
  39  4:11  Medivac  
  46  4:19  Marine  
  47  4:24  Marine  
  47  4:26  Supply Depot  
  47  4:28  Marine  
  49  4:32  SCV  
  45  4:46  Marine x2  
  45  4:47  Marine  
  45  4:49  Widow Mine  
  45  4:50  Medivac  
  45  4:51  Medivac  
  54  5:04  Marine x2  
  54  5:05  Marauder  
  58  5:07  SCV  
  58  5:12  Supply Depot  
  59  5:20  Medivac  
  61  5:22  Marine  
  62  5:38  Marine x2  
  62  5:39  SCV  
  62  5:40  Marine  
  66  5:55  Marine  
  56  6:31  Marine  
  56  6:32  Marine x2  
  47  6:46  Engineering Bay  
  47  6:49  Marine x2  
  47  6:50  Marauder  
  47  6:52  Combat Shields  
  48  6:59  Command Center  
  47  7:07  Marine x2  
  49  7:12  Factory Tech Lab  
  49  7:13  Terran Infantry Weapons Level 1  
  49  7:15  Missile Turret  
  49  7:16  Missile Turret  
  49  7:19  Marine  
  49  7:20  Missile Turret  
  50  7:25  Marine x2, Barracks  
  52  7:39  Command Center  
  47  7:57  Marine x2  
  47  7:58  Marine  
  45  8:05  Missile Turret  
  45  8:11  Missile Turret  
  45  8:15  Engineering Bay  
  45  8:21  Medivac  
  47  8:31  Medivac  
  49  8:41  Armory  
  49  8:50  Command Center  
  49  8:51  Marine  
  49  8:52  Marine  
  51  9:02  Orbital Command  
  51  9:10  Terran Infantry Armor Level 1  
  51  9:11  Marine  
  51  9:12  Marine x2  
  54  9:21  Missile Turret  
  54  9:29  Marine  
  55  9:31  Marine  
  55  9:32  Marine  
  55  9:46  Concussive Shells  
  55  9:47  Marine  
  55  9:49  Terran Infantry Weapons Level 2  
  55  9:52  Marine  
  56  9:59  Marine  
  58  10:02  Widow Mine  
  58  10:05  Marine  
  61  10:10  Marine  
  62  10:17  Marine  
  62  10:23  Marine  
  62  10:28  Marine  
  43  10:37  Marine  
  43  10:38  Medivac  
  43  10:40  Marine  
  41  10:45  Orbital Command  
  41  10:46  Marine  
  42  10:53  Viking  
  42  10:56  Marauder  
  46  11:08  Barracks x2  
  46  11:14  Barracks  
  45  11:29  Viking, Medivac  
  49  11:42  Missile Turret  
  49  11:49  Marine x3  
  49  11:51  Terran Infantry Armor Level 2  
  49  11:53  Widow Mine  
  54  12:07  Marine, Terran Infantry Weapons Level 3  
  55  12:10  Medivac  
  55  12:12  SCV  
  55  12:13  SCV  
  59  12:19  Barracks Reactor x2  
  59  12:21  Widow Mine  
  61  12:22  Barracks Reactor  
  61  12:41  Missile Turret  
  61  12:44  Missile Turret, Refinery  
  61  12:45  SCV x3, Refinery  
  61  12:49  Marine  
  61  12:50  Marine  
  66  12:56  Marine x4  
  66  12:57  SCV x3  
  73  13:01  Marine  
  73  13:02  Marine x2  
  76  13:06  Medivac  
  76  13:07  Marine  
  76  13:11  SCV x2  
  76  13:12  SCV  
  82  13:17  Marine x5  
  87  13:23  SCV  
  87  13:26  Marine, Medivac  
  91  13:29  Marauder  
  91  13:32  SCV  
  91  13:33  Marine  
  95  13:35  Medivac  
  95  13:36  SCV  
  95  13:41  Supply Depot  
  98  13:44  Supply Depot  
  98  13:46  SCV  
  98  13:47  SCV  
  98  13:48  SCV  
  101  14:02  Marine x7  
  107  14:06  Marine x2  
  110  14:15  SCV x3  
  113  14:20  Marine  
  113  14:21  Marine x3  
  117  14:31  Terran Infantry Armor Level 3  
  117  14:32  Refinery  
  117  14:46  Marine  
  117  14:59  SCV  
  117  15:00  SCV  
  99  15:07  Marine x3  
  99  15:08  Marauder  
  99  15:12  Marine x4  
  99  15:13  Marine  
  90  15:14  Medivac x2  
  94  15:25  Marine x3, Widow Mine  
  99  15:29  Marauder  
  99  15:30  Marine x5  
  106  15:37  Barracks  
  106  15:40  Barracks  
  106  15:42  Marine  
  106  15:44  Medivac x2  
  106  15:47  Refinery  
  106  15:49  Marine x2  
  112  15:50  Marine x4  
  117  16:10  Supply Depot  
  117  16:11  Supply Depot  
  117  16:13  Supply Depot x2  
  117  16:14  Supply Depot  
  117  16:30  Barracks Tech Lab, Barracks Reactor  
  117  16:31  Marine x2, Medivac x2, Widow Mine  
  117  16:32  Marine x6  
  133  16:33  Marauder  
  133  16:35  Supply Depot  
Show
View Real Time Build Order
Export as new Build Order

ALEX Zerg - Winner!

Build Orders: Hatch First 

Get SALT Encoding   

  12  0:04  Drone  
  13  0:15  Drone  
  14  0:23  Extractor  
  14  0:26  Extractor, Drone  
  14  0:27  Drone  
  14  0:31  Overlord  
  16  0:54  Hatchery  
  15  0:58  Drone x2  
  17  1:12  Drone x2  
  19  1:22  Spawning Pool  
  19  1:23  Drone  
  19  1:28  Extractor  
  19  1:32  Overlord  
  18  1:43  Drone  
  19  1:56  Drone  
  20  2:09  Drone  
  20  2:13  Hatchery  
  20  2:15  Overlord  
  20  2:19  Queen  
  22  2:25  Drone  
  23  2:32  Zergling x6  
  26  2:40  Drone  
  27  2:48  Overlord  
  27  2:49  Zergling x2  
  28  2:54  Extractor  
  27  3:02  Drone x2  
  29  3:12  Zergling x4  
  31  3:15  Drone  
  31  3:19  Metabolic Boost  
  32  3:26  Zergling x2  
  33  3:27  Zergling x4  
  33  3:32  Zergling x2  
  36  3:40  Zergling x2  
  36  3:41  Zergling x4  
  39  3:51  Drone  
  39  3:52  Drone x2  
  42  4:08  Hatchery  
  40  4:47  Drone x2  
  40  4:51  Drone x6  
  40  4:52  Drone  
  49  4:59  Lair  
  49  5:04  Spore Crawler, Drone  
  49  5:08  Hatchery  
  49  5:10  Drone  
  49  5:25  Evolution Chamber  
  49  5:27  Drone x4  
  49  5:28  Drone x3  
  55  5:42  Hatchery  
  54  5:46  Extractor  
  54  5:49  Extractor  
  52  5:51  Overlord x4  
  52  5:52  Overlord x2  
  52  6:13  Drone x3  
  55  6:19  Hatchery  
  55  6:23  Drone x2  
  55  6:24  Drone x2  
  58  6:26  Drone  
  58  6:27  Drone  
  58  6:29  Hatchery  
  59  6:36  Zerg Melee Weapons Level 1  
  59  6:42  Evolution Chamber  
  58  6:53  Infestation Pit  
  57  7:03  Spore Crawler  
  57  7:05  Queen  
  57  7:06  Queen  
  60  7:09  Zerg Ground Armor Level 1  
  60  7:15  Hydralisk Den  
  47  7:51  Zergling x2  
  47  7:52  Zergling x10  
  47  7:53  Zergling x8  
  47  7:54  Zergling x8  
  61  8:00  Drone x2  
  61  8:05  Spore Crawler  
  62  8:10  Extractor  
  61  8:12  Extractor  
  61  8:16  Spore Crawler  
  61  8:18  Zergling x6  
  61  8:19  Zergling x10  
  68  8:20  Zergling x10  
  68  8:21  Zergling x6  
  75  8:34  Zergling x4  
  75  8:35  Zergling x10  
  82  8:44  Hive  
  82  8:45  Zerg Melee Weapons Level 2  
  82  8:54  Evolution Chamber  
  81  9:04  Roach Warren  
  81  9:06  Zerg Ground Armor Level 2  
  80  9:13  Spire  
  79  9:21  Hydralisk x4  
  79  9:22  Hydralisk x6  
  79  9:23  Hydralisk x3  
  105  9:26  Overseer  
  105  9:44  Drone x6  
  105  9:45  Drone x5  
  116  9:51  Hatchery  
  115  9:58  Drone x3  
  115  9:59  Drone x4  
  122  10:02  Overlord  
  122  10:03  Overlord x4  
  122  10:13  Muscular Augments  
  122  10:18  Adrenal Glands  
  122  10:32  Hydralisk x2  
  122  10:33  Hydralisk x4  
  116  11:05  Overseer  
  109  11:29  Drone x2  
  109  11:30  Drone x6  
  109  11:31  Drone x2  
  118  11:36  Extractor  
  117  11:42  Extractor  
  116  11:57  Ultralisk Cavern  
  116  12:00  Zerg Melee Weapons Level 3, Zerg Missile Weapons Level 1  
  115  12:05  Zerg Ground Armor Level 3  
  115  12:14  Spore Crawler  
  115  12:15  Hatchery  
  113  12:17  Spore Crawler  
  112  12:28  Spore Crawler  
  111  12:39  Hydralisk x5  
  111  12:41  Zergling x2  
  111  12:42  Zergling x10  
  111  12:43  Zergling x10  
  111  12:44  Zergling x8  
  134  12:45  Zergling x2  
  134  12:50  Overseer  
  137  12:53  Chitinous Plating  
  137  13:03  Spine Crawler  
  136  13:14  Ultralisk  
  136  13:15  Ultralisk  
  136  13:17  Overlord  
  78  13:57  Ultralisk x3  
  78  13:58  Ultralisk  
  78  13:59  Zergling x6  
  78  14:00  Zergling x6  
  100  14:11  Ultralisk  
  100  14:12  Zergling x6  
  100  14:13  Zergling x10  
  100  14:14  Zergling x10  
  100  14:15  Zergling x4  
  121  14:37  Ultralisk x2, Zergling x2  
  134  15:00  Ultralisk  
  134  15:01  Zergling x6  
  134  15:02  Zergling x2  
  144  15:26  Mutalisk x2, Hydralisk  
  144  15:27  Hydralisk x3  
  132  15:43  Hydralisk x3  
  132  15:44  Hydralisk  
  135  15:51  Hydralisk  
  135  15:52  Hydralisk  
  135  15:57  Drone x2  
  138  16:31  Drone x5  
Show
View Real Time Build Order
Export as new Build Order

Metasapien Zerg - Winner!

Build Orders: Pool First 

Get SALT Encoding   

  12  0:13  Drone  
  12  0:14  Overlord  
  13  0:30  Drone  
  13  0:35  Drone  
  15  0:37  Drone  
  16  0:47  Drone  
  17  0:56  Drone  
  18  0:59  Extractor  
  17  1:07  Drone  
  18  1:14  Spawning Pool  
  17  1:22  Hatchery  
  16  1:27  Drone  
  16  1:31  Drone  
  18  1:42  Drone  
  19  1:50  Overlord  
  19  2:01  Queen  
  19  2:06  Drone  
  19  2:07  Extractor  
  21  2:13  Drone  
  22  2:24  Drone  
  23  2:31  Metabolic Boost  
  23  2:34  Drone  
  24  2:45  Drone  
  24  2:47  Lair  
  25  2:55  Overlord x2  
  25  2:57  Queen  
  27  3:18  Spine Crawler  
  27  3:19  Spine Crawler  
  25  3:21  Spine Crawler  
  25  3:23  Zergling x6  
  25  3:25  Zergling x2  
  25  3:26  Zergling x2  
  29  3:27  Zergling x2  
  30  3:38  Zergling x2  
  29  3:50  Zergling x2  
  25  4:07  Drone x2  
  24  4:11  Zergling x6  
  27  4:18  Drone x3  
  27  4:22  Queen  
  32  4:35  Zergling x4  
  32  4:36  Zergling x2  
  35  4:44  Spine Crawler  
  34  4:45  Spine Crawler  
  34  4:50  Spire  
  32  4:56  Hydralisk Den  
  32  4:59  Roach Warren  
  30  5:03  Drone  
  30  5:04  Drone  
  32  5:08  Queen  
  34  5:14  Overseer  
  34  5:21  Drone x2  
  36  5:32  Hatchery  
  36  5:33  Extractor  
  34  5:38  Drone x3  
  34  5:39  Drone  
  38  5:45  Drone x3  
  41  5:50  Drone x2  
  43  5:59  Overlord x2  
  43  6:17  Drone x3  
  46  6:19  Zergling x6  
  46  6:20  Zergling x2  
  50  6:28  Extractor  
  49  6:35  Extractor  
  49  6:36  Extractor  
  49  6:38  Hydralisk x2  
  51  6:40  Roach x3  
  51  6:43  Glial Reconstitution  
  51  6:45  Pneumatized Carapace  
  57  6:57  Corruptor  
  59  7:02  Queen  
  61  7:08  Drone  
  61  7:09  Drone x2  
  61  7:10  Drone x2  
  61  7:13  Overlord x2  
  66  7:22  Spore Crawler  
  65  7:25  Spore Crawler  
  65  7:27  Spore Crawler, Drone  
  65  7:28  Drone x2  
  63  7:45  Hydralisk  
  63  7:46  Drone  
  63  7:50  Drone  
  63  7:51  Drone x2  
  69  7:54  Hydralisk x2  
  69  7:55  Hydralisk x2  
  69  7:56  Hydralisk x2  
  81  7:59  Drone  
  81  8:00  Overlord x2  
  81  8:04  Overseer  
  81  8:05  Overseer  
  82  8:26  Hydralisk x4  
  88  8:27  Roach x2  
  88  8:28  Zergling x2  
  95  8:39  Drone x3  
  98  8:54  Overlord  
  98  8:55  Overlord x3  
  98  9:12  Overlord x3  
  98  9:13  Overlord  
  90  9:26  Hydralisk x2, Roach x2  
  90  9:27  Hydralisk x2, Roach x2  
  90  9:28  Zergling x6  
  90  9:30  Drone x3  
  111  10:00  Hatchery, Hydralisk x2  
  111  10:01  Hydralisk x2, Roach x3  
  111  10:02  Roach  
  111  10:06  Drone x2  
  128  10:08  Drone x4  
  128  10:13  Drone  
  133  10:27  Nydus Network  
  132  10:42  Infestation Pit  
  131  10:45  Evolution Chamber  
  131  10:46  Muscular Augments, Tunneling Claws  
  131  10:48  Burrow  
  131  10:49  Evolution Chamber  
  129  10:52  Hydralisk  
  129  10:53  Hydralisk x3  
  129  10:54  Hydralisk x2, Roach  
  129  10:55  Roach, Zergling x2, Hydralisk  
  129  10:56  Hydralisk  
  150  11:06  Zergling x4  
  152  11:14  Zerg Missile Weapons Level 1, Zerg Ground Armor Level 1  
  152  11:30  Drone x3  
  152  11:31  Drone x6  
  152  11:32  Drone x3  
  164  11:33  Overlord x4  
  160  11:50  Extractor  
  160  11:51  Ravager x4  
  160  11:52  Ravager x4  
  167  11:58  Queen  
  167  11:59  Drone x2  
  171  12:15  Corruptor x2  
  171  12:16  Corruptor  
  171  12:17  Hydralisk  
  171  12:18  Hydralisk  
  171  12:19  Overlord  
  181  12:25  Extractor  
  180  12:37  Swarm Host  
  180  12:38  Zergling x4  
  180  12:39  Zergling x6  
  188  12:45  Zergling x2  
  188  12:46  Zergling x6  
  188  12:49  Hive  
  192  12:57  Evolution Chamber  
  191  13:05  Overseer  
  191  13:11  Zerg Missile Weapons Level 2  
  191  13:13  Zerg Ground Armor Level 2  
  191  13:37  Zerg Melee Weapons Level 1  
  191  13:39  Lurker Den  
  160  14:06  Mutalisk  
  160  14:08  Zergling x2  
  160  14:09  Zergling x56  
  174  14:38  Swarm Host  
  174  14:43  Hydralisk  
  174  14:44  Hydralisk, Roach  
  174  14:45  Zergling x10  
  187  14:46  Zergling x4  
  189  15:05  Greater Spire  
  189  15:23  Adrenal Glands  
  189  15:33  Corruptor x6  
  189  15:34  Corruptor x4  
  189  15:35  Corruptor x2  
  127  15:54  Corruptor  
  127  15:55  Corruptor x3  
  109  16:21  Mutalisk, Corruptor  
  109  16:22  Corruptor x5  
  109  16:23  Hydralisk x4, Corruptor  
  129  16:44  Extractor  
  129  16:45  Hatchery  
  129  16:46  Extractor  
  126  16:47  Hatchery  
  126  16:49  Extractor x2  
  147  17:07  Nydus Canal  
Tags
 
Add a new tag
Caveats
  • Supply blocks, unpowered buildings, or Contaminate may cause inaccurate times.
  • Supply counts are checked every 10 seconds.